Blue Jackets vs Canucks

Created - 7 janvier 2016 at 19:08

Goals
1 2 3 T
Blue Jackets 2 1 3 6
Canucks 0 2 1 3
Shots
1 2 3 T
Blue Jackets 12 8 16 36
Canucks 6 11 14 31

1st period

1. Blue Jackets , Dave Steckel 6 (Adam Deadmarsh) at 14:07
2. Blue Jackets , Jeff Taffe 2 (Greg Zanon, Adam Deadmarsh) at 16:30

Penalties :
Daniel Paille (Van) for Slashing (Minor) at 17:22, Jaromir Jagr (Van) for Tripping (Minor) at 19:55

2nd period

3. Blue Jackets , Cory Emmerton 10 (David Booth, Patric Hornqvist) at 13:45
4. Canucks , Matt Stajan 12 (Maxim Afinogenov, Maxim Lapierre) at 16:50 (PP)
5. Canucks , Matt Stajan 13 (Alex Goligoski, Maxim Afinogenov) at 17:04

Penalties :
Kevin Bieksa (Clb) for Roughing (Minor) at 6:07, Marcus Nilson (Clb) for Slashing (Minor) at 16:35, Chris Kelly (Clb) for Interference (Minor) at 17:40

3rd period

6. Blue Jackets , Dave Steckel 7 (Jeff Taffe) at 5:23
7. Canucks , Antti Miettinen 2 (Alex Goligoski, Tom Poti) at 9:39
8. Blue Jackets , Jason Ward 2 (Ramzi Abid, Jan Bulis) at 12:35
9. Blue Jackets , Jason Ward 3 (Jan Bulis, Jeff Taffe) at 18:38

Penalties :
Tyler Myers (Clb) for Holding (Minor) at 1:01, Dave Steckel (Clb) for Diving (Minor) at 7:25, Kyle Cumiskey (Van) for Roughing (Minor) at 10:24, Tyler Myers (Clb) for Tripping (Minor) at 14:14

Goalie Stats

Rick DiPietro (Clb), 28 saves from 31 shots - (0,903), W, 19-8-2, 60:00 minutes
Carey Price (Van), 30 saves from 36 shots - (0,833), L, 13-10-0, 60:00 minutes

Players Stats for Blue Jackets

Player Name              G  A  P  +/- PIM S  H  SB GA TA FO     MP     PP MP  PK MP  
------------------------------------------------------------------------------------
Adam Deadmarsh           0  2  2   3  0   1  2  0  0  0  0/1     8:41   0:00   1:39 
Brad Stuart              0  0  0   0  0   0  0  1  0  0  0/0     6:30   0:00   2:27 
Branislav Mezei          0  0  0   0  0   0  1  2  1  0  0/0    28:37   3:51   5:13 
Chris Kelly              0  0  0  -1  2   0  1  0  0  0  9/22   16:18   0:00   4:39 
Cory Emmerton            1  0  1   1  0   1  1  0  0  1  11/19  15:24   3:17   0:00 
Dave Steckel             2  0  2   2  2   3  1  0  0  0  2/3     7:50   0:00   0:59 
David Booth              0  1  1   0  0   4  3  0  0  0  1/1    17:53   3:17   1:54 
François Beauchemin      0  0  0   1  0   0  1  2  0  0  0/0    21:07   2:06   4:57 
Greg Zanon               0  1  1   2  0   1  0  0  0  0  0/0    15:01   0:00   5:13 
Jan Bulis                0  2  2   1  0   4  0  1  0  0  2/6    19:25   2:40   2:56 
Jason Ward               2  0  2   1  0   5  2  1  0  1  0/1    16:17   0:00   2:26 
Jeff Taffe               1  2  3   4  0   2  0  0  0  1  0/0     9:06   0:00   0:09 
Kevin Bieksa             0  0  0   1  2   0  2  2  0  1  0/0    22:58   3:51   0:00 
Marcus Nilson            0  0  0   0  2   4  3  0  1  0  0/0    13:50   2:40   0:00 
Patric Hornqvist         0  1  1   1  0   4  0  0  0  0  1/1    14:46   2:40   0:00 
Pavel Bure               0  0  0   0  0   2  2  1  0  1  0/0    14:29   3:17   0:00 
Ramzi Abid               0  1  1   0  0   3  4  0  0  0  0/4    16:43   0:00   5:38 
Tyler Myers              0  0  0   4  4   2  2  1  0  0  0/0    24:49   2:06   2:30 

Players Stats for Canucks

Player Name              G  A  P  +/- PIM S  H  SB GA TA FO     MP     PP MP  PK MP  
------------------------------------------------------------------------------------
Alex Goligoski           0  2  2  -1  0   1  0  0  0  1  0/0    27:11   5:53   3:34 
Alex Tanguay             0  0  0  -3  0   0  0  0  1  0  0/0    13:14   2:06   1:58 
Antti Miettinen          1  0  1  -1  0   2  0  2  0  0  0/1     8:54   0:27   0:00 
Clarke MacArthur         0  0  0  -1  0   4  5  0  1  0  1/1    17:27   3:51   0:28 
Daniel Paille            0  0  0  -1  2   1  1  1  0  0  0/0    12:25   0:00   1:09 
Jaromir Jagr             0  0  0  -1  2   0  1  0  0  0  0/0    17:51   3:51   1:09 
Karl Alzner              0  0  0  -1  0   1  0  0  0  0  0/0    10:43   0:00   0:00 
Kyle Cumiskey            0  0  0  -2  2   0  1  0  0  0  0/0    10:54   0:00   0:00 
Matt Stajan              2  0  2   0  0   7  3  0  2  0  14/28  25:47   5:50   3:12 
Matthew Spiller          0  0  0  -2  0   1  1  0  0  0  0/0    21:53   4:17   2:23 
Maxim Afinogenov         0  2  2   0  0   8  1  0  1  1  6/8    25:43   5:52   3:17 
Maxim Lapierre           0  1  1  -1  0   1  1  0  0  0  1/5    20:11   4:42   0:41 
Nikolai Zherdev          0  0  0  -1  0   2  0  0  0  0  1/1     6:00   0:00   0:00 
Olli Jokinen             0  0  0  -1  0   0  0  0  0  0  3/5     8:39   0:00   0:00 
Peter Worrell            0  0  0   0  0   0  0  0  0  0  0/0     1:25   0:00   0:00 
Sami Lepisto             0  0  0  -2  0   1  2  1  0  0  0/0    21:53   4:17   2:23 
Tom Poti                 0  1  1  -1  0   0  0  2  0  0  0/0    27:00   5:53   3:34 
Tomas Plekanec           0  0  0  -1  0   2  1  0  0  0  6/9    16:50   3:51   0:00 

3 Stars

1 - Jeff Taffe (Clb)
2 - Jason Ward (Clb)
3 - Matt Stajan (Van)

Power Play

Blue Jackets - 0 on 3 Attempt(s) - 0,00%
Canucks - 1 on 6 Attempt(s) - 16,67%

Penalty Kill

Blue Jackets - 5 on 6 Attempt(s) - 83,33% - Score 0 goal in Penalty Kill
Canucks - 3 on 3 Attempt(s) - 100,00% - Score 0 goal in Penalty Kill

Team Stat

Blue Jackets - Hits : 25 - Faceoff Wins : 26 - Blocked Shots : 11 - Penalty Minutes : 12
Canucks - Hits : 17 - Faceoff Wins : 32 - Blocked Shots : 6 - Penalty Minutes : 6

Official

Referees : Devorski Paul and Jackson Dave
Linesman : Tim Nowak and Brian Mach

Game Notes

Peter Worrell is injured at 4:50 of 1st period (Left Leg)

Finance

Level 1 -- Attendance: 5933 (98,88%) -- Ticket Income 510 238 $
Level 2 -- Attendance: 5000 (100,00%) -- Ticket Income 245 000 $
Level 3 -- Attendance: 1965 (98,25%) -- Ticket Income 58 950 $
Level 4 -- Attendance: 3756 (93,90%) -- Ticket Income 63 852 $
Luxury Box -- Attendance: 1000 (100,00%) -- Ticket Income 100 000 $
Game was played at the Budweiser Coliseum.
Total Attendance: 17654 (98,08%)
Total Ticket Income: 978 040 $
Other Income: 146 706 $
Total Income: 1 124 746 $

Blue Jackets

5 vs 5 Forward 
   Center                   Left Wing                Right Wing               Time % Phy DF OF 
 1 Cory Emmerton            David Booth              Patric Hornqvist         30     1   1  3  
 2 Jan Bulis                Marcus Nilson            Pavel Bure               30     1   1  3  
 3 Chris Kelly              Ramzi Abid               Jason Ward               30     1   2  2  
 4 Dave Steckel             Jeff Taffe               Adam Deadmarsh           10     1   2  2  

5 vs 5 Defense 
   Defense                  Defense                                           Time % Phy DF OF 
 1 Branislav Mezei          Kevin Bieksa                                      40     1   2  2  
 2 François Beauchemin      Tyler Myers                                       30     1   2  2  
 3 Greg Zanon               Tyler Myers                                       20     1   2  2  
 4 Branislav Mezei          Kevin Bieksa                                      10     1   2  2  

PowerPlay Forward 
   Center                   Left Wing                Right Wing               Time % Phy DF OF 
 1 Cory Emmerton            David Booth              Pavel Bure               60     1   2  2  
 2 Jan Bulis                Marcus Nilson            Patric Hornqvist         40     1   2  2  

PowerPlay Defense
   Defense                  Defense                                           Time % Phy DF OF 
 1 Branislav Mezei          Kevin Bieksa                                      60     1   2  2  
 2 François Beauchemin      Tyler Myers                                       40     1   2  2  

Penalty Kill 4 Players Forward 
   Center                   Wing                     Time % Phy DF OF 
 1 Chris Kelly              Ramzi Abid               60     1   3  1  
 2 Jan Bulis                Jason Ward               40     1   3  1  

Penalty Kill 4 Players Defense
   Defense                  Defense                  Time % Phy DF OF 
 1 Greg Zanon               Branislav Mezei          60     1   3  1  
 2 François Beauchemin      Tyler Myers              40     1   3  1  

Penalty Kill - 3 Players Forward 
   Forward                                           Time % Phy DF OF 
 1 Chris Kelly                                       60     1   3  1  
 2 Jan Bulis                                         40     1   3  1  

Penalty Kill - 3 Players Defense
   Defense                  Defense                  Time % Phy DF OF 
 1 Greg Zanon               Branislav Mezei          60     1   2  2  
 2 François Beauchemin      Tyler Myers              40     1   2  2  

4 vs 4 Forward 
   Center                   Wing                     Time % Phy DF OF 
 1 Jan Bulis                Marcus Nilson            50     1   2  2  
 2 Chris Kelly              David Booth              50     1   2  2  

4 vs 4 Defense
   Defense                  Defense                  Time % Phy DF OF 
 1 Branislav Mezei          Kevin Bieksa             60     1   2  2  
 2 François Beauchemin      Greg Zanon               40     1   2  2  

Last Minutes Offensive
   Center                   Left Wing                Right Wing               Defense                  Defense                  
   Chris Kelly              David Booth              Patric Hornqvist         Branislav Mezei          Kevin Bieksa             

Last Minutes Defensive
   Center                   Left Wing                Right Wing               Defense                  Defense                  
   Chris Kelly              David Booth              Patric Hornqvist         Branislav Mezei          Kevin Bieksa             

Goaltenders
Starting : Rick DiPietro            
Backup : Mathieu Garon            

Extra Forwards
Normal : Ramzi Abid, Jeff Taffe, Adam Deadmarsh - PP : Ramzi Abid, Jeff Taffe - PK : Adam Deadmarsh
Extra Defensemen
Normal : Brad Stuart, Tyler Myers, François Beauchemin - PP : Brad Stuart - PK : Tyler Myers, François Beauchemin
Penalty Shots
David Booth, Patric Hornqvist, Chris Kelly, Marcus Nilson, Ramzi Abid

Canucks

5 vs 5 Forward 
   Center                   Left Wing                Right Wing               Time % Phy DF OF 
 1 Matt Stajan              Peter Worrell            Maxim Afinogenov         40     1   2  2  
 2 Tomas Plekanec           Clarke MacArthur         Jaromir Jagr             30     1   2  2  
 3 Maxim Lapierre           Alex Tanguay             Nikolai Zherdev          20     1   2  2  
 4 Olli Jokinen             Daniel Paille            Antti Miettinen          10     1   2  2  

5 vs 5 Defense 
   Defense                  Defense                                           Time % Phy DF OF 
 1 Alex Goligoski           Tom Poti                                          40     1   2  2  
 2 Sami Lepisto             Matthew Spiller                                   30     1   2  2  
 3 Kyle Cumiskey            Karl Alzner                                       20     1   2  2  
 4 Alex Goligoski           Tom Poti                                          10     1   2  2  

PowerPlay Forward 
   Center                   Left Wing                Right Wing               Time % Phy DF OF 
 1 Matt Stajan              Peter Worrell            Maxim Afinogenov         60     1   2  2  
 2 Tomas Plekanec           Clarke MacArthur         Jaromir Jagr             40     1   2  2  

PowerPlay Defense
   Defense                  Defense                                           Time % Phy DF OF 
 1 Alex Goligoski           Tom Poti                                          60     1   2  2  
 2 Sami Lepisto             Matthew Spiller                                   40     1   2  2  

Penalty Kill 4 Players Forward 
   Center                   Wing                     Time % Phy DF OF 
 1 Maxim Afinogenov         Matt Stajan              60     1   2  2  
 2 Jaromir Jagr             Peter Worrell            40     1   2  2  

Penalty Kill 4 Players Defense
   Defense                  Defense                  Time % Phy DF OF 
 1 Alex Goligoski           Tom Poti                 60     1   2  2  
 2 Sami Lepisto             Matthew Spiller          40     1   2  2  

Penalty Kill - 3 Players Forward 
   Forward                                           Time % Phy DF OF 
 1 Maxim Afinogenov                                  60     1   2  2  
 2 Matt Stajan                                       40     1   2  2  

Penalty Kill - 3 Players Defense
   Defense                  Defense                  Time % Phy DF OF 
 1 Alex Goligoski           Tom Poti                 60     1   2  2  
 2 Sami Lepisto             Matthew Spiller          40     1   2  2  

4 vs 4 Forward 
   Center                   Wing                     Time % Phy DF OF 
 1 Maxim Afinogenov         Matt Stajan              60     1   2  2  
 2 Jaromir Jagr             Peter Worrell            40     1   2  2  

4 vs 4 Defense
   Defense                  Defense                  Time % Phy DF OF 
 1 Alex Goligoski           Tom Poti                 60     1   2  2  
 2 Sami Lepisto             Matthew Spiller          40     1   2  2  

Last Minutes Offensive
   Center                   Left Wing                Right Wing               Defense                  Defense                  
   Matt Stajan              Peter Worrell            Maxim Afinogenov         Alex Goligoski           Tom Poti                 

Last Minutes Defensive
   Center                   Left Wing                Right Wing               Defense                  Defense                  
   Matt Stajan              Peter Worrell            Maxim Afinogenov         Alex Goligoski           Tom Poti                 

Goaltenders
Starting : Carey Price              
Backup : Chad Johnson             

Extra Forwards
Normal : Maxim Lapierre, Alex Tanguay, Daniel Paille - PP : Maxim Lapierre, Alex Tanguay - PK : Daniel Paille
Extra Defensemen
Normal : Kyle Cumiskey, Karl Alzner, Sami Lepisto - PP : Kyle Cumiskey - PK : Karl Alzner, Sami Lepisto
Penalty Shots
Maxim Afinogenov, Matt Stajan, Jaromir Jagr, Peter Worrell, Clarke MacArthur

% Time on Ice - Blue Jackets

Lines # - Real PCT - Wanted PCT - Time Play
Normal Forward
1 - 29% - 30% - 12:33
2 - 31% - 30% - 13:39
3 - 25% - 30% - 11:04
4 - 15% - 10% - 6:37
Normal Defense
1 - 43% - 40% - 18:44
2 - 32% - 30% - 14:04
3 - 20% - 20% - 8:35
4 - 6% - 10% - 2:30
PP Forward
1 - 55% - 60% - 3:17
2 - 45% - 40% - 2:40
PP Defense
1 - 65% - 60% - 3:51
2 - 35% - 40% - 2:06
PK Forward
1 - 76% - 60% - 7:44
2 - 24% - 40% - 2:26
PK Defense
1 - 51% - 60% - 5:13
2 - 49% - 40% - 4:57
PK3 Forward
1 - 0% - 60%
2 - 0% - 40%
PK3 Defense
1 - 0% - 60%
2 - 0% - 40%
44 Forward
1 - 0% - 50%
2 - 0% - 50%
44 Defense
1 - 0% - 60%
2 - 0% - 40%
Last Minute Offensive  - 0:00
Last Minute Defensive  - 0:00
Total
Forward - 60:00
Defense - 60:00

% Time on Ice - Canucks

Lines # - Real PCT - Wanted PCT - Time Play
Normal Forward
1 - 38% - 40% - 16:51
2 - 30% - 30% - 13:14
3 - 11% - 20% - 4:54
4 - 20% - 10% - 8:54
Normal Defense
1 - 40% - 40% - 17:38
2 - 35% - 30% - 15:13
3 - 24% - 20% - 10:37
4 - 1% - 10% - 0:25
PP Forward
1 - 62% - 60% - 6:19
2 - 38% - 40% - 3:51
PP Defense
1 - 58% - 60% - 5:53
2 - 42% - 40% - 4:17
PK Forward
1 - 65% - 60% - 3:51
2 - 35% - 40% - 2:06
PK Defense
1 - 60% - 60% - 3:34
2 - 40% - 40% - 2:23
PK3 Forward
1 - 0% - 60%
2 - 0% - 40%
PK3 Defense
1 - 0% - 60%
2 - 0% - 40%
44 Forward
1 - 0% - 60%
2 - 0% - 40%
44 Defense
1 - 0% - 60%
2 - 0% - 40%
Last Minute Offensive  - 0:00
Last Minute Defensive  - 0:00
Total
Forward - 60:00
Defense - 60:00

Play by Play

1st period


0:01 of 1st period - Cory Emmerton wins face-off versus Matt Stajan in neutral zone.
0:34 of 1st period - Snap shot by Marcus Nilson.
0:34 of 1st period - Stopped by Carey Price with a rebound.
1:12 of 1st period - Slapshot by Sami Lepisto.
1:12 of 1st period - Shot Blocked by Tyler Myers.
1:40 of 1st period - Slapshot by Maxim Afinogenov.
1:40 of 1st period - Stopped by Rick DiPietro with a rebound.
2:17 of 1st period - Snap shot by Nikolai Zherdev.
2:17 of 1st period - Stopped by Rick DiPietro without a rebound.
2:18 of 1st period - Chris Kelly wins face-off versus Matt Stajan in Blue Jackets zone.
3:10 of 1st period - Kevin Bieksa is hit by Daniel Paille and loses puck.
4:23 of 1st period - Snap shot by Patric Hornqvist.
4:23 of 1st period - Stopped by Carey Price without a rebound.
4:24 of 1st period - Cory Emmerton wins face-off versus Antti Miettinen in Canucks zone.
4:39 of 1st period - Wrist shot by Antti Miettinen.
4:39 of 1st period - Shot Blocked by Brad Stuart.
4:49 of 1st period - Peter Worrell is hit by Ramzi Abid and loses puck.
4:50 of 1st period - Peter Worrell from Canucks is injured at 4:50 of 1st period (Left Leg).
4:51 of 1st period - Chris Kelly wins face-off versus Matt Stajan in Canucks zone.
4:52 of 1st period - Slapshot by Ramzi Abid.
4:52 of 1st period - Shot Blocked by Tom Poti.
4:54 of 1st period - Snap shot by Jason Ward.
4:54 of 1st period - Stopped by Carey Price with a rebound.
4:56 of 1st period - Snap shot by Branislav Mezei.
4:56 of 1st period - Shot Blocked by Tom Poti.
4:58 of 1st period - Snap shot by Chris Kelly.
4:58 of 1st period - Shot Misses the Net.
5:23 of 1st period - Snap shot by Maxim Afinogenov.
5:23 of 1st period - Stopped by Rick DiPietro without a rebound.
5:24 of 1st period - Tomas Plekanec wins face-off versus Jan Bulis in Blue Jackets zone.
6:31 of 1st period - Wrist shot by Marcus Nilson.
6:31 of 1st period - Stopped by Carey Price with a rebound.
7:09 of 1st period - Wrist shot by Pavel Bure.
7:09 of 1st period - Stopped by Carey Price with a rebound.
7:57 of 1st period - Snap shot by Marcus Nilson.
7:57 of 1st period - Stopped by Carey Price with a rebound.
8:05 of 1st period - Snap shot by Maxim Lapierre.
8:05 of 1st period - Shot Blocked by Jan Bulis.
8:53 of 1st period - Snap shot by Matt Stajan.
8:53 of 1st period - Shot Misses the Net.
8:55 of 1st period - Snap shot by Maxim Afinogenov.
8:55 of 1st period - Stopped by Rick DiPietro with a rebound.
8:57 of 1st period - Wrist shot by Maxim Lapierre.
8:57 of 1st period - Stopped by Rick DiPietro with a rebound.
8:59 of 1st period - Slapshot by Maxim Afinogenov.
8:59 of 1st period - Shot Blocked by Pavel Bure.
9:01 of 1st period - Slapshot by Matthew Spiller.
9:01 of 1st period - Stopped by Rick DiPietro with a rebound.
9:07 of 1st period - Wrist shot by Maxim Lapierre.
9:07 of 1st period - Shot Blocked by François Beauchemin.
9:09 of 1st period - Snap shot by Sami Lepisto.
9:09 of 1st period - Deflect By Maxim Afinogenov.
9:09 of 1st period - Shot Misses the Net.
9:09 of 1st period - Puck is out of play.
9:10 of 1st period - Tomas Plekanec wins face-off versus Ramzi Abid in Blue Jackets zone.
9:23 of 1st period - Slapshot by Alex Goligoski.
9:23 of 1st period - Shot Blocked by Branislav Mezei.
9:45 of 1st period - Daniel Paille is hit by Kevin Bieksa and loses puck.
11:14 of 1st period - Karl Alzner is hit by Jason Ward and loses puck.
11:33 of 1st period - Karl Alzner is hit by Dave Steckel.
11:43 of 1st period - Clarke MacArthur is hit by Ramzi Abid.
12:35 of 1st period - Icing by Alex Tanguay.
12:36 of 1st period - Tomas Plekanec wins face-off versus Jason Ward in Canucks zone.
12:38 of 1st period - Icing by Alex Goligoski.
12:39 of 1st period - Olli Jokinen wins face-off versus Chris Kelly in Canucks zone.
12:53 of 1st period - Off-side.
12:54 of 1st period - Cory Emmerton wins face-off versus Tomas Plekanec in neutral zone.
13:56 of 1st period - Greg Zanon is hit by Clarke MacArthur and loses puck.
14:07 of 1st period - Snap shot by Dave Steckel.
14:07 of 1st period - Goal by Dave Steckel - Blue Jackets : 1 - Canucks : 0.
14:08 of 1st period - Cory Emmerton wins face-off versus Maxim Lapierre in neutral zone.
14:11 of 1st period - Wrist shot by Patric Hornqvist.
14:11 of 1st period - Stopped by Carey Price with a rebound.
14:22 of 1st period - Wrist shot by Cory Emmerton.
14:22 of 1st period - Shot Misses the Net.
14:47 of 1st period - Slapshot by Jason Ward.
14:47 of 1st period - Stopped by Carey Price with a rebound.
15:08 of 1st period - Snap shot by Clarke MacArthur.
15:08 of 1st period - Deflect By Tomas Plekanec.
15:08 of 1st period - Shot Blocked by Kevin Bieksa.
15:08 of 1st period - Puck is out of play.
15:09 of 1st period - Maxim Lapierre wins face-off versus Chris Kelly in Blue Jackets zone.
15:22 of 1st period - Tom Poti is hit by Jason Ward and loses puck.
15:36 of 1st period - David Booth is hit by Clarke MacArthur and loses puck.
16:24 of 1st period - Wrist shot by Adam Deadmarsh.
16:24 of 1st period - Shot Misses the Net.
16:26 of 1st period - Wrist shot by Jeff Taffe.
16:26 of 1st period - Stopped by Carey Price with a rebound.
16:30 of 1st period - Snap shot by Jeff Taffe.
16:30 of 1st period - Goal by Jeff Taffe - Blue Jackets : 2 - Canucks : 0.
16:31 of 1st period - Cory Emmerton wins face-off versus Maxim Lapierre in neutral zone.
17:00 of 1st period - Snap shot by Ramzi Abid.
17:00 of 1st period - Stopped by Carey Price without a rebound.
17:01 of 1st period - Maxim Afinogenov wins face-off versus Chris Kelly in Canucks zone.
17:22 of 1st period - Minor Penalty to Daniel Paille for Slashing.
17:23 of 1st period - Maxim Afinogenov wins face-off versus Cory Emmerton in Canucks zone.
18:27 of 1st period - Alex Tanguay is hit by David Booth and loses puck.
19:22 of 1st period - Penalty to Daniel Paille is over, Daniel Paille is back on ice.
19:38 of 1st period - Wrist shot by Olli Jokinen.
19:38 of 1st period - Shot Misses the Net.
19:55 of 1st period - Minor Penalty to Jaromir Jagr for Tripping.
19:56 of 1st period - Maxim Afinogenov wins face-off versus Jan Bulis in Canucks zone.
Goals for this period are 2 for Blue Jackets vs 0 for Canucks.
Shots for this period are 12 for Blue Jackets vs 6 for Canucks.

2nd period


0:01 of 2nd period - Maxim Afinogenov wins face-off versus Cory Emmerton in neutral zone.
1:55 of 2nd period - Penalty to Jaromir Jagr is over, Jaromir Jagr is back on ice.
2:27 of 2nd period - Wrist shot by Dave Steckel.
2:27 of 2nd period - Shot Misses the Net.
2:31 of 2nd period - Wrist shot by Adam Deadmarsh.
2:31 of 2nd period - Shot Misses the Net.
2:41 of 2nd period - Maxim Lapierre is hit by Ramzi Abid and loses puck.
3:05 of 2nd period - Branislav Mezei is hit by Maxim Lapierre and loses puck.
4:11 of 2nd period - François Beauchemin is hit by Jaromir Jagr and loses puck.
4:24 of 2nd period - Alex Goligoski is hit by Pavel Bure and loses puck.
4:32 of 2nd period - Icing by Alex Goligoski.
4:33 of 2nd period - Matt Stajan wins face-off versus Cory Emmerton in Canucks zone.
4:40 of 2nd period - Slapshot by Alex Goligoski.
4:40 of 2nd period - Deflect By Matt Stajan.
4:40 of 2nd period - Stopped by Rick DiPietro without a rebound.
4:41 of 2nd period - Patric Hornqvist wins face-off versus Matt Stajan in Blue Jackets zone.
5:06 of 2nd period - François Beauchemin is hit by Clarke MacArthur and loses puck.
5:33 of 2nd period - Snap shot by Dave Steckel.
5:33 of 2nd period - Shot Blocked by Antti Miettinen.
5:35 of 2nd period - Slapshot by Greg Zanon.
5:35 of 2nd period - Stopped by Carey Price without a rebound.
5:36 of 2nd period - Matt Stajan wins face-off versus Cory Emmerton in Canucks zone.
6:07 of 2nd period - Minor Penalty to Kevin Bieksa for Roughing.
6:08 of 2nd period - Matt Stajan wins face-off versus Chris Kelly in Blue Jackets zone.
6:33 of 2nd period - Ramzi Abid is hit by Clarke MacArthur and loses puck.
6:40 of 2nd period - Slapshot by Clarke MacArthur.
6:40 of 2nd period - Stopped by Rick DiPietro without a rebound.
6:41 of 2nd period - Chris Kelly wins face-off versus Matt Stajan in Blue Jackets zone.
6:57 of 2nd period - François Beauchemin is hit by Clarke MacArthur and loses puck.
7:30 of 2nd period - Snap shot by Adam Deadmarsh.
7:30 of 2nd period - Stopped by Carey Price with a rebound.
8:07 of 2nd period - Penalty to Kevin Bieksa is over, Kevin Bieksa is back on ice.
8:22 of 2nd period - Wrist shot by Maxim Lapierre.
8:22 of 2nd period - Shot Misses the Net.
8:42 of 2nd period - Snap shot by Tyler Myers.
8:42 of 2nd period - Stopped by Carey Price with a rebound.
8:44 of 2nd period - Slapshot by David Booth.
8:44 of 2nd period - Shot Misses the Net.
9:12 of 2nd period - Clarke MacArthur is hit by Adam Deadmarsh and loses puck.
9:32 of 2nd period - Off-side.
9:33 of 2nd period - David Booth wins face-off versus Maxim Lapierre in neutral zone.
9:45 of 2nd period - Snap shot by Patric Hornqvist.
9:45 of 2nd period - Shot Misses the Net.
10:08 of 2nd period - Matt Stajan is hit by Chris Kelly and loses puck.
10:33 of 2nd period - Jaromir Jagr is hit by Marcus Nilson and loses puck.
10:58 of 2nd period - Icing by Branislav Mezei.
10:59 of 2nd period - Dave Steckel wins face-off versus Olli Jokinen in Blue Jackets zone.
11:46 of 2nd period - Wrist shot by Chris Kelly.
11:46 of 2nd period - Shot Misses the Net.
12:15 of 2nd period - Wrist shot by Dave Steckel.
12:15 of 2nd period - Shot Blocked by Sami Lepisto.
12:35 of 2nd period - Slapshot by Sami Lepisto.
12:35 of 2nd period - Shot Misses the Net.
12:39 of 2nd period - Snap shot by Matt Stajan.
12:39 of 2nd period - Shot Misses the Net.
12:49 of 2nd period - Slapshot by Patric Hornqvist.
12:49 of 2nd period - Deflect By Clarke MacArthur.
12:49 of 2nd period - Stopped by Carey Price without a rebound.
12:50 of 2nd period - Tomas Plekanec wins face-off versus Chris Kelly in Canucks zone.
13:43 of 2nd period - Wrist shot by David Booth.
13:43 of 2nd period - Stopped by Carey Price with a rebound.
13:45 of 2nd period - Slapshot by Cory Emmerton.
13:45 of 2nd period - Goal by Cory Emmerton - Blue Jackets : 3 - Canucks : 0.
13:46 of 2nd period - Matt Stajan wins face-off versus Chris Kelly in neutral zone.
13:48 of 2nd period - Alex Goligoski is hit by Tyler Myers and loses puck.
13:55 of 2nd period - Maxim Lapierre is hit by Ramzi Abid and loses puck.
14:00 of 2nd period - Wrist shot by Ramzi Abid.
14:00 of 2nd period - Stopped by Carey Price with a rebound.
14:20 of 2nd period - Wrist shot by Tomas Plekanec.
14:20 of 2nd period - Stopped by Rick DiPietro with a rebound.
14:34 of 2nd period - Slapshot by Jan Bulis.
14:34 of 2nd period - Stopped by Carey Price with a rebound.
14:56 of 2nd period - Snap shot by Nikolai Zherdev.
14:56 of 2nd period - Shot Hit the Post.
15:16 of 2nd period - Chris Kelly is hit by Maxim Afinogenov and loses puck.
15:59 of 2nd period - Matthew Spiller is hit by Kevin Bieksa and loses puck.
16:17 of 2nd period - Tomas Plekanec is hit by Marcus Nilson and loses puck.
16:35 of 2nd period - Minor Penalty to Marcus Nilson for Slashing.
16:36 of 2nd period - Matt Stajan wins face-off versus Ramzi Abid in Blue Jackets zone.
16:46 of 2nd period - Slapshot by Maxim Afinogenov.
16:46 of 2nd period - Shot Misses the Net.
16:48 of 2nd period - Snap shot by Maxim Lapierre.
16:48 of 2nd period - Deflect By Maxim Afinogenov.
16:48 of 2nd period - Stopped by Rick DiPietro with a rebound.
16:50 of 2nd period - Snap shot by Matt Stajan.
16:50 of 2nd period - Goal by Matt Stajan - Blue Jackets : 3 - Canucks : 1.
16:51 of 2nd period - Matt Stajan wins face-off versus Chris Kelly in neutral zone.
17:04 of 2nd period - Wrist shot by Matt Stajan.
17:04 of 2nd period - Goal by Matt Stajan - Blue Jackets : 3 - Canucks : 2.
17:05 of 2nd period - Matt Stajan wins face-off versus Cory Emmerton in neutral zone.
17:14 of 2nd period - Slapshot by Maxim Afinogenov.
17:14 of 2nd period - Stopped by Rick DiPietro with a rebound.
17:16 of 2nd period - Snap shot by Tom Poti.
17:16 of 2nd period - Shot Misses the Net.
17:18 of 2nd period - Wrist shot by Maxim Afinogenov.
17:18 of 2nd period - Stopped by Rick DiPietro without a rebound.
17:19 of 2nd period - Matt Stajan wins face-off versus Chris Kelly in Blue Jackets zone.
17:22 of 2nd period - Wrist shot by Matt Stajan.
17:22 of 2nd period - Stopped by Rick DiPietro with a rebound.
17:40 of 2nd period - Minor Penalty to Chris Kelly for Interference.
17:41 of 2nd period - Matt Stajan wins face-off versus Adam Deadmarsh in Blue Jackets zone.
18:47 of 2nd period - Slapshot by Sami Lepisto.
18:47 of 2nd period - Shot Misses the Net.
19:40 of 2nd period - Penalty to Chris Kelly is over, Chris Kelly is back on ice.
19:49 of 2nd period - Slapshot by Daniel Paille.
19:49 of 2nd period - Stopped by Rick DiPietro without a rebound.
19:50 of 2nd period - Olli Jokinen wins face-off versus Ramzi Abid in Blue Jackets zone.
19:54 of 2nd period - Slapshot by Kyle Cumiskey.
19:54 of 2nd period - Shot Blocked by François Beauchemin.
19:56 of 2nd period - Snap shot by Karl Alzner.
19:56 of 2nd period - Stopped by Rick DiPietro without a rebound.
19:57 of 2nd period - Nikolai Zherdev wins face-off versus Chris Kelly in Blue Jackets zone.
Goals for this period are 1 for Blue Jackets vs 2 for Canucks.
Shots for this period are 8 for Blue Jackets vs 11 for Canucks.

3rd period


0:01 of 3rd period - Matt Stajan wins face-off versus Jan Bulis in neutral zone.
0:26 of 3rd period - Tom Poti is hit by David Booth and loses puck.
1:01 of 3rd period - Minor Penalty to Tyler Myers for Holding.
1:02 of 3rd period - Matt Stajan wins face-off versus Chris Kelly in Blue Jackets zone.
1:05 of 3rd period - Backhand shot by Matt Stajan.
1:05 of 3rd period - Shot Misses the Net.
1:38 of 3rd period - Snap shot by Tomas Plekanec.
1:38 of 3rd period - Shot Misses the Net.
1:40 of 3rd period - Slapshot by Tomas Plekanec.
1:40 of 3rd period - Shot Misses the Net.
1:42 of 3rd period - Slapshot by Clarke MacArthur.
1:42 of 3rd period - Shot Misses the Net.
3:01 of 3rd period - Penalty to Tyler Myers is over, Tyler Myers is back on ice.
3:11 of 3rd period - Slapshot by Patric Hornqvist.
3:11 of 3rd period - Shot Blocked by Antti Miettinen.
3:13 of 3rd period - Snap shot by Patric Hornqvist.
3:13 of 3rd period - Shot Misses the Net.
3:17 of 3rd period - Backhand shot by Cory Emmerton.
3:17 of 3rd period - Shot Blocked by Daniel Paille.
3:19 of 3rd period - Slapshot by Cory Emmerton.
3:19 of 3rd period - Shot Misses the Net.
3:32 of 3rd period - Off-side.
3:33 of 3rd period - Tomas Plekanec wins face-off versus Dave Steckel in neutral zone.
3:36 of 3rd period - Snap shot by Clarke MacArthur.
3:36 of 3rd period - Stopped by Rick DiPietro with a rebound.
3:38 of 3rd period - Slapshot by Sami Lepisto.
3:38 of 3rd period - Stopped by Rick DiPietro without a rebound.
3:39 of 3rd period - Jan Bulis wins face-off versus Matt Stajan in Blue Jackets zone.
4:06 of 3rd period - Snap shot by David Booth.
4:06 of 3rd period - Stopped by Carey Price with a rebound.
4:08 of 3rd period - Slapshot by David Booth.
4:08 of 3rd period - Stopped by Carey Price with a rebound.
4:22 of 3rd period - Clarke MacArthur is hit by David Booth and loses puck.
4:31 of 3rd period - Slapshot by Patric Hornqvist.
4:31 of 3rd period - Stopped by Carey Price without a rebound.
4:32 of 3rd period - Maxim Afinogenov wins face-off versus Jan Bulis in Canucks zone.
5:05 of 3rd period - Snap shot by Chris Kelly.
5:05 of 3rd period - Shot Misses the Net.
5:21 of 3rd period - Wrist shot by Dave Steckel.
5:21 of 3rd period - Stopped by Carey Price with a rebound.
5:23 of 3rd period - Wrist shot by Dave Steckel.
5:23 of 3rd period - Goal by Dave Steckel - Blue Jackets : 4 - Canucks : 2.
5:24 of 3rd period - Chris Kelly wins face-off versus Matt Stajan in neutral zone.
5:27 of 3rd period - Snap shot by Ramzi Abid.
5:27 of 3rd period - Stopped by Carey Price without a rebound.
5:28 of 3rd period - Chris Kelly wins face-off versus Matt Stajan in Canucks zone.
5:33 of 3rd period - Wrist shot by Chris Kelly.
5:33 of 3rd period - Shot Misses the Net.
6:03 of 3rd period - Snap shot by Jan Bulis.
6:03 of 3rd period - Stopped by Carey Price without a rebound.
6:04 of 3rd period - Cory Emmerton wins face-off versus Matt Stajan in Canucks zone.
6:29 of 3rd period - Tom Poti is hit by Marcus Nilson and loses puck.
6:34 of 3rd period - Slapshot by Jan Bulis.
6:34 of 3rd period - Shot Misses the Net.
6:36 of 3rd period - Backhand shot by Tyler Myers.
6:36 of 3rd period - Stopped by Carey Price with a rebound.
6:52 of 3rd period - Tomas Plekanec is hit by Tyler Myers.
6:56 of 3rd period - Jeff Taffe is hit by Sami Lepisto and loses puck.
7:02 of 3rd period - Icing by Tyler Myers.
7:03 of 3rd period - Dave Steckel wins face-off versus Matt Stajan in Blue Jackets zone.
7:03 of 3rd period - Dave Steckel is hit by Matt Stajan.
7:25 of 3rd period - Minor Penalty to Dave Steckel for Diving.
7:26 of 3rd period - Chris Kelly wins face-off versus Matt Stajan in Blue Jackets zone.
7:34 of 3rd period - Off-side.
7:35 of 3rd period - Chris Kelly wins face-off versus Matt Stajan in neutral zone.
7:37 of 3rd period - Off-side.
7:38 of 3rd period - Matt Stajan wins face-off versus Chris Kelly in neutral zone.
7:53 of 3rd period - Wrist shot by Matt Stajan.
7:53 of 3rd period - Shot Misses the Net.
9:25 of 3rd period - Penalty to Dave Steckel is over, Dave Steckel is back on ice.
9:35 of 3rd period - Slapshot by Tom Poti.
9:35 of 3rd period - Shot Misses the Net.
9:37 of 3rd period - Slapshot by Alex Goligoski.
9:37 of 3rd period - Shot Blocked by Branislav Mezei.
9:39 of 3rd period - Slapshot by Antti Miettinen.
9:39 of 3rd period - Goal by Antti Miettinen - Blue Jackets : 4 - Canucks : 3.
9:40 of 3rd period - Jan Bulis wins face-off versus Maxim Lapierre in neutral zone.
9:43 of 3rd period - Backhand shot by Marcus Nilson.
9:43 of 3rd period - Stopped by Carey Price with a rebound.
9:53 of 3rd period - Snap shot by Nikolai Zherdev.
9:53 of 3rd period - Stopped by Rick DiPietro with a rebound.
9:55 of 3rd period - Wrist shot by Nikolai Zherdev.
9:55 of 3rd period - Shot Misses the Net.
10:24 of 3rd period - Minor Penalty to Kyle Cumiskey for Roughing.
10:25 of 3rd period - Cory Emmerton wins face-off versus Maxim Afinogenov in Canucks zone.
10:30 of 3rd period - Snap shot by David Booth.
10:30 of 3rd period - Stopped by Carey Price with a rebound.
10:32 of 3rd period - Wrist shot by Pavel Bure.
10:32 of 3rd period - Stopped by Carey Price with a rebound.
10:34 of 3rd period - Snap shot by Pavel Bure.
10:34 of 3rd period - Deflect By Cory Emmerton.
10:34 of 3rd period - Shot Misses the Net.
10:34 of 3rd period - Puck is out of play.
10:35 of 3rd period - Maxim Afinogenov wins face-off versus Cory Emmerton in Canucks zone.
10:46 of 3rd period - Snap shot by Matt Stajan.
10:46 of 3rd period - Stopped by Rick DiPietro without a rebound.
10:47 of 3rd period - Cory Emmerton wins face-off versus Maxim Afinogenov in Blue Jackets zone.
11:01 of 3rd period - Tom Poti is hit by Pavel Bure and loses puck.
12:24 of 3rd period - Penalty to Kyle Cumiskey is over, Kyle Cumiskey is back on ice.
12:35 of 3rd period - Wrist shot by Jason Ward.
12:35 of 3rd period - Deflect By Maxim Lapierre.
12:35 of 3rd period - Goal by Jason Ward - Blue Jackets : 5 - Canucks : 3.
12:36 of 3rd period - Chris Kelly wins face-off versus Matt Stajan in neutral zone.
12:48 of 3rd period - Snap shot by Maxim Afinogenov.
12:48 of 3rd period - Stopped by Rick DiPietro without a rebound.
12:49 of 3rd period - Matt Stajan wins face-off versus Ramzi Abid in Blue Jackets zone.
12:50 of 3rd period - Slapshot by Maxim Afinogenov.
12:50 of 3rd period - Shot Blocked by Kevin Bieksa.
13:14 of 3rd period - Clarke MacArthur is hit by Branislav Mezei and loses puck.
14:03 of 3rd period - Sami Lepisto is hit by Adam Deadmarsh and loses puck.
14:08 of 3rd period - Wrist shot by Matt Stajan.
14:08 of 3rd period - Stopped by Rick DiPietro with a rebound.
14:14 of 3rd period - Minor Penalty to Tyler Myers for Tripping.
14:15 of 3rd period - Matt Stajan wins face-off versus Chris Kelly in Blue Jackets zone.
14:16 of 3rd period - Slapshot by Maxim Afinogenov.
14:16 of 3rd period - Stopped by Rick DiPietro with a rebound.
14:18 of 3rd period - Wrist shot by Matt Stajan.
14:18 of 3rd period - Stopped by Rick DiPietro without a rebound.
14:19 of 3rd period - Chris Kelly wins face-off versus Matt Stajan in Blue Jackets zone.
14:19 of 3rd period - Chris Kelly is hit by Matt Stajan.
15:19 of 3rd period - Wrist shot by Ramzi Abid.
15:19 of 3rd period - Deflect By Chris Kelly.
15:19 of 3rd period - Shot Misses the Net.
15:19 of 3rd period - Puck is out of play.
15:20 of 3rd period - Clarke MacArthur wins face-off versus Chris Kelly in Canucks zone.
15:25 of 3rd period - Chris Kelly is hit by Tomas Plekanec and loses puck.
15:32 of 3rd period - Snap shot by Clarke MacArthur.
15:32 of 3rd period - Deflect By Branislav Mezei.
15:32 of 3rd period - Stopped by Rick DiPietro with a rebound.
16:12 of 3rd period - Matt Stajan is hit by François Beauchemin and loses puck.
16:14 of 3rd period - Penalty to Tyler Myers is over, Tyler Myers is back on ice.
16:23 of 3rd period - Wrist shot by Jan Bulis.
16:23 of 3rd period - Shot Misses the Net.
16:25 of 3rd period - Wrist shot by Jan Bulis.
16:25 of 3rd period - Shot Misses the Net.
16:27 of 3rd period - Snap shot by Jan Bulis.
16:27 of 3rd period - Stopped by Carey Price with a rebound.
16:33 of 3rd period - Wrist shot by Jan Bulis.
16:33 of 3rd period - Stopped by Carey Price with a rebound.
16:35 of 3rd period - Slapshot by Greg Zanon.
16:35 of 3rd period - Shot Misses the Net.
16:41 of 3rd period - Snap shot by Jason Ward.
16:41 of 3rd period - Stopped by Carey Price with a rebound.
16:43 of 3rd period - Snap shot by Jason Ward.
16:43 of 3rd period - Shot Misses the Net.
17:00 of 3rd period - Jeff Taffe is hit by Kyle Cumiskey and loses puck.
17:35 of 3rd period - Snap shot by Alex Tanguay.
17:35 of 3rd period - Shot Misses the Net.
17:37 of 3rd period - Slapshot by Sami Lepisto.
17:37 of 3rd period - Shot Blocked by Jason Ward.
17:39 of 3rd period - Slapshot by Maxim Afinogenov.
17:39 of 3rd period - Shot Misses the Net.
17:57 of 3rd period - François Beauchemin is hit by Sami Lepisto and loses puck.
18:21 of 3rd period - Jeff Taffe is hit by Matt Stajan and loses puck.
18:38 of 3rd period - Snap shot by Jason Ward.
18:38 of 3rd period - Goal by Jason Ward - Blue Jackets : 6 - Canucks : 3.
18:39 of 3rd period - Cory Emmerton wins face-off versus Tomas Plekanec in neutral zone.
18:42 of 3rd period - Alex Goligoski is hit by Cory Emmerton and loses puck.
18:58 of 3rd period - Icing by Alex Goligoski.
18:59 of 3rd period - Tomas Plekanec wins face-off versus Cory Emmerton in Canucks zone.
19:08 of 3rd period - Slapshot by Alex Goligoski.
19:08 of 3rd period - Shot Misses the Net.
19:10 of 3rd period - Slapshot by Alex Goligoski.
19:10 of 3rd period - Stopped by Rick DiPietro with a rebound.
19:12 of 3rd period - Slapshot by Jaromir Jagr.
19:12 of 3rd period - Shot Misses the Net.
19:14 of 3rd period - Slapshot by Tom Poti.
19:14 of 3rd period - Deflect By Tomas Plekanec.
19:14 of 3rd period - Stopped by Rick DiPietro with a rebound.
19:16 of 3rd period - Slapshot by Jaromir Jagr.
19:16 of 3rd period - Shot Misses the Net.
19:18 of 3rd period - Snap shot by Tomas Plekanec.
19:18 of 3rd period - Shot Misses the Net.
19:20 of 3rd period - Snap shot by Clarke MacArthur.
19:20 of 3rd period - Stopped by Rick DiPietro with a rebound.
19:22 of 3rd period - Wrist shot by Tomas Plekanec.
19:22 of 3rd period - Deflect By Jaromir Jagr.
19:22 of 3rd period - Shot Misses the Net.
19:22 of 3rd period - Puck is out of play.
19:23 of 3rd period - Olli Jokinen wins face-off versus Cory Emmerton in Blue Jackets zone.
19:24 of 3rd period - Wrist shot by Antti Miettinen.
19:24 of 3rd period - Stopped by Rick DiPietro without a rebound.
19:25 of 3rd period - Cory Emmerton wins face-off versus Olli Jokinen in Blue Jackets zone.
19:25 of 3rd period - Cory Emmerton is hit by Matthew Spiller.
19:38 of 3rd period - Off-side.
19:39 of 3rd period - Cory Emmerton wins face-off versus Tomas Plekanec in neutral zone.
19:59 of 3rd period - Icing by Alex Goligoski.
Goals for this period are 3 for Blue Jackets vs 1 for Canucks.
Shots for this period are 16 for Blue Jackets vs 14 for Canucks.